 Dungeon Crawl Stone Soup version 0.29.0-4-gdea44cf6ec (webtiles) character file.

Game seed: 3644153532722692798

93 qw the Chopper (level 4, -5/26 HPs)
             Began as a Tengu Warper on Aug 28, 2022.
             Slain by Terence
             ... wielding a +0 short sword
              (7 damage)
             ... on level 3 of the Dungeon.
             The game lasted 00:00:11 (2496 turns).

qw the Chopper (Tengu Warper)                       Turns: 2496, Time: 00:00:12

Health: -5/26      AC:  3    Str: 13    XL:     4   Next: 62%
Magic:  8/8        EV: 12    Int: 14    God:
Gold:   130        SH:  0    Dex: 13    Spells: 7/7 levels left

rFire   . . .      SeeInvis .   Y - +1 hand axe
rCold   . . .      Faith    .   (no shield)
rNeg    . . .      Spirit   .   b - +0 leather armour
rPois   .          Reflect  .   (helmet restricted)
rElec   .          Harm     .   (no cloak)
rCorr   .          Rampage  .   (no gloves)
Will    .....                   (boots unavailable)
Stlth   +.........              (no amulet)
HPRegen 0.08/turn               (no ring)
MPRegen 0.11/turn               (no ring)

@: no status effects
A: beak, talons 3
a: no special abilities


You were on level 3 of the Dungeon.
You visited 1 branch of the dungeon, and saw 3 of its levels.

You collected 130 gold pieces.


Innate Abilities, Weirdness & Mutations

You have a beak for a mouth.
You have claws for feet.


   Skills:
 - Level 2.0 Fighting
 + Level 5.2 Axes
 - Level 1.0 Throwing
 - Level 1.1 Armour
 - Level 2.1 Dodging
 - Level 2.0 Spellcasting
 - Level 2.4 Translocations


You had 7 spell levels left.
You didn't know any spells.
Your spell library contained the following spells:

 Spells                   Type           Power      Damage    Failure   Level
 Blink                    Tloc           16%        N/A       17%         2
 Gell's Gravitas          Tloc           8%         N/A       34%         3
 Lesser Beckoning         Tloc           8%         N/A       34%         3
 Teleport Other           Tloc           8%         N/A       34%         3
 Manifold Assault         Tloc           8%         N/A       97%         5

Inventory:

Hand Weapons
 k - a +0 whip
 Y - a +1 hand axe (weapon)
Armour
 b - a +0 leather armour (worn)
 i - a +0 plate armour
Scrolls
 f - 3 scrolls of enchant armour
 g - a scroll of identify
Potions
 a - a potion of attraction {unknown}
 c - a potion of magic {unknown}
 d - a potion of curing
 h - a potion of flight {unknown}
 j - a potion of heal wounds {unknown}

Dungeon Overview and Level Annotations

Branches:
Dungeon (3/15)

Altars:
Nemelex Xobeh
Yredelemnul

Annotations:
D:3 Terence


Message History

e - 2 javelins (gained 1)
You see here a giant cockroach corpse.
You now have 130 gold pieces (gained 15).
You see here a +0 dagger.
Terence and an orc come into view.
Terence is wielding a +0 short sword and wearing a +2 scale mail of cold resistance.
Terence shouts!
The orc shouts!
You hear a shout!
Throw: 2 javelins
Press: ? - help, Q - select action Shift-Dir - straight line, f - Terence You throw a javelin.
The javelin pierces through Terence.
Terence is lightly wounded.
An orc comes into view. It is wielding a +0 club.
Throw: javelin
Press: ? - help, Q - select action Shift-Dir - straight line, f/p - Terence You throw a javelin.
The javelin pierces through Terence but does no damage.
Terence is lightly wounded.
An orc wizard comes into view. It is wielding a +0 dagger.
Terence hits you with a +0 short sword.
You barely miss Terence.
Terence is lightly wounded.
Terence hits you with a +0 short sword.
You hit Terence. Your kick misses Terence. You peck Terence.
Terence is moderately wounded.
You hit the orc.
Terence says, "Rest in peace."
Terence hits you with a +0 short sword. The orc barely misses you.
You barely miss the orc. You claw the orc.
The orc is severely wounded.
You barely miss Terence. Terence hits you with a +0 short sword.
You closely miss the orc. You claw the orc.
You kill the orc!
You hit Terence. You closely miss the orc.
Terence hits you with a +0 short sword. The orc hits you with a +0 club.
You barely miss Terence.
Terence is heavily wounded.
You hit the orc but do no damage. Terence hits you with a +0 short sword!
You die...

.........# ....(.(..
...# #.........#
...#o #...>.....
...... #........#
.o....
#........##......
#.......@#o......
#.......@#.......
##.......)o...#
#.....<...#...######
#..#........#......#
##......)...........#
#..........#.#......#
######..#...........#
#.......#.#.#########
#.....#.#.#.#.......#


You could see Terence and an orc.

Vanquished Creatures
  A gnoll (D:1)
  3 adders
  An orc (D:3)
  4 bats
  5 endoplasms
  10 giant cockroaches
  5 goblins
  3 hobgoblins (D:1)
  2 jackals (D:2)
  7 kobolds
  4 ball pythons
  3 rats (D:2)
48 creatures vanquished.

Notes
Turn   | Place    | Note
-------+----------+-------------------------------------------
     0 | D:1      | qw the Tengu Warper began the quest for the Orb.
     0 | D:1      | Reached XP level 1. HP: 12/12 MP: 4/4
     0 | D:1      | 0 ||| qw: Version: 0.1-a-89-g26bdef1
     0 | D:1      | 0 ||| qw: Game counter: 579
     0 | D:1      | 0 ||| qw: Always use a shield: true
     0 | D:1      | 0 ||| qw: God list: Okawaru
     0 | D:1      | 0 ||| qw: Allow faded altars: false
     0 | D:1      | 0 ||| qw: Do Orc after D:15 true
     0 | D:1      | 0 ||| qw: Do second Lair branch before Depths: true
     0 | D:1      | 0 ||| qw: Lair rune preference: random
     0 | D:1      | 0 ||| qw: Plans: Normal
     0 | D:1      | 0 ||| PLANNING D:1-11
   234 | D:1      | Reached XP level 2. HP: 17/17 MP: 6/6
   255 | D:1      | Reached skill level 3 in Axes
   255 | D:1      | 255 ||| Stepping ~*~*~tactically~*~*~ (stealth).
   264 | D:1      | 264 ||| Stepping ~*~*~tactically~*~*~ (stealth).
   267 | D:1      | 267 ||| Stepping ~*~*~tactically~*~*~ (stealth).
   396 | D:1      | 396 ||| Stepping ~*~*~tactically~*~*~ (stealth).
   512 | D:1      | Reached XP level 3. HP: 13/21 MP: 7/7
   794 | D:1      | Reached skill level 4 in Axes
   882 | D:1      | Found a basalt altar of Yredelemnul.
   952 | D:1      | 952 ||| READING scroll labelled SUOPHIHESCHY.
   953 | D:1      | 953 ||| READING 3 scrolls labelled TOCOIJ SAOCE.
   954 | D:1      | 954 ||| READING scroll labelled YNWEWE BAPI.
   961 | D:1      | 961 ||| DRINKING 2 glowing puce potions.
   965 | D:1      | 965 ||| DROPPING scroll of blinking.
  1013 | D:2      | 1013 ||| STAIRDANCE
  1126 | D:2      | Found a faded altar of an unknown god.
  1178 | D:2      | 1178 ||| Stepping ~*~*~tactically~*~*~ (stealth).
  1413 | D:2      | Found a sparkling altar of Nemelex Xobeh.
  1428 | D:2      | 1428 ||| Stepping ~*~*~tactically~*~*~ (stealth).
  1488 | D:2      | 1488 ||| Stepping ~*~*~tactically~*~*~ (stealth).
  1630 | D:2      | Reached XP level 4. HP: 26/26 MP: 8/8
  1999 | D:2      | 1999 ||| Stepping ~*~*~tactically~*~*~ (hiding).
  2035 | D:2      | 2035 ||| Stepping ~*~*~tactically~*~*~ (stealth).
  2037 | D:2      | 2037 ||| Stepping ~*~*~tactically~*~*~ (stealth).
  2041 | D:2      | Reached skill level 5 in Axes
  2043 | D:2      | 2043 ||| DROPPING +0 club.
  2230 | D:2      | 2230 ||| READING scroll labelled RALLAE VIYXAA.
  2231 | D:2      | 2231 ||| READING scroll labelled OSEOC ASTI.
  2232 | D:2      | 2232 ||| DRINKING 3 amethyst potions.
  2233 | D:2      | 2233 ||| DROPPING 2 potions of brilliance.
  2487 | D:3      | Noticed Terence
  2495 | D:3      | HP: 3/26 [Terence/+0 short sword (6)]
  2496 | D:3      | Slain by Terence

Levels and vault maps discovered:
D:1:      sevenhm_arrival_forest_fort_small_6, layout_loops_ring
D:2:      minmay_roachtagon, layout_loops_ring,
          nicolae_ecumenical_snake_handling, basic_altar
D:3:      layout_basic, lemuel_coloured_pillars_altar, serial_shops,
          nicolae_diamond_shop, uniq_terence

Skill      XL: |  1  2  3  4 |
---------------+-------------+-----
Axes           | 3 4 5 |  5.2
Fighting       | |  2.0
Throwing       | |  1.0
Armour         | |  1.1
Dodging        | |  2.1
Spellcasting   | |  2.0
Translocations | |  2.4

Action                   |  1- 3 |  4- 6 || total
-------------------------+-------+-------++-------
Melee: Hand axe          |    84 |    35 ||   119
       Kick              |    18 |    11 ||    29
       Peck              |     9 |     4 ||    13
Throw: Boomerang         |     7 |       ||     7
       Javelin           |       |     3 ||     3
  Use: Scroll            |     3 |     2 ||     5
       Potion            |     1 |     1 ||     2
Armor: Leather armour    |    18 |    11 ||    29
Dodge: Dodged            |    39 |    16 ||    55

Table legend:
 A = Non-vault XP
 B = Vault XP
 C = Vault XP percentage of total XP
 D = Non-vault monster count
 E = Vault monster count
 F = Vault count percentage of total count
                 A         B        C        D         E       F
            +---------+---------+-------+---------+---------+-------
      Total |     100 |      34 |  25.4 |      36 |      12 |  25.0
            +---------+---------+-------+---------+---------+-------
        D:1 |      47 |       0 |   0.0 |      19 |       0 |   0.0
        D:2 |      33 |      34 |  50.7 |      13 |      12 |  48.0
        D:3 |      20 |       0 |   0.0 |       4 |       0 |   0.0
            +---------+---------+-------+---------+---------+-------
